 Dungeon Crawl Stone Soup version 0.27-a0-1513-g2aaa0cc67b (webtiles) character file.

Game seed: 10340465581735295424

552 spiderkeys the Skirmisher (level 7, -3/49 HPs)
             Began as an Octopode Abyssal Knight on July 10, 2021.
             Was a Priest of Lugonu.
             Blown up by Ijyb (28 damage)
             ... with a mindburst bolt
             ... on level 3 of the Dungeon.
             The game lasted 00:08:56 (4580 turns).

spiderkeys the Skirmisher (Octopode Abyssal Knight) Turns: 4580, Time: 00:08:57

Health: -3/49      AC:  1    Str: 18    XL:     7   Next: 29%
Magic:  10/10      EV: 13    Int: 15    God:    Lugonu [***...]
Gold:   146        SH:  3    Dex: 12    Spells: 5/10 levels left

rFire    . . .     SeeInvis .   a - +1 spear
rCold    . . .     Faith    .   s - +0 buckler
rNeg     . . .     Spirit   .   (helmet restricted)
rPois    +         Reflect  .   (no amulet)
rElec    .         Harm     .   P - ring of poison resistance
rCorr    .         Rampage  .   S - +6 ring of strength
Will     .....                  (no ring)
Stlth    +++.......             (no ring)
HPRegen  0.16/turn              (no ring)
MPRegen  0.12/turn              (no ring)
                                (no ring)
                                (no ring)

@: no status effects
A: almost no armour, amphibious, 8 rings, camouflage 1, gelatinous body 1,
(nimble swimmer 1), tentacles
a: Renounce Religion, Depart the Abyss, Bend Space, Banish


You were on level 3 of the Dungeon.
You worshipped Lugonu.
Lugonu was most pleased with you.
You visited 1 branch of the dungeon, and saw 4 of its levels.
You visited the Abyss 1 time.

You collected 146 gold pieces.


Innate Abilities, Weirdness & Mutations

You cannot wear most types of armour.
You are amphibious.
You can wear up to eight rings at the same time.
Your skin changes colour to match your surroundings (Stealth+).
Your rubbery body absorbs attacks. (AC +1, EV +1)
((You are camouflaged near water. (Stealth+)))
You have tentacles for arms and can constrict up to eight enemies at once.


   Skills:
 + Level 4.4 Fighting
 - Level 2.4 Polearms
 + Level 4.0 Dodging
 - Level 3.8 Stealth
 + Level 0.0 Shields
 + Level 2.0 Spellcasting
 + Level 2.4 Necromancy
 + Level 3.8 Invocations


You had 5 spell levels left.
You knew the following spells:

 Your Spells              Type           Power      Damage    Failure   Level
a - Animate Skeleton      Necr           16%        N/A       14%         1
p - Pain                  Necr           32%        1d5       14%         1
v - Vampiric Draining     Necr           4%         2d6       38%         3

Your spell library contained the following spells:

 Spells                   Type           Power      Damage    Failure   Level
 Apportation              Tloc           2%         N/A       36%         1
 Corona                   Hex            1%         N/A       36%         1
 Foxfire                  Conj/Fire      4%         2x1d4     36%         1
 Shock                    Conj/Air       4%         1d3       36%         1
 Summon Small Mammal      Summ           4%         N/A       36%         1
 Conjure Flame            Conj/Fire      1%         6-21      73%         3
 Inner Flame              Hex/Fire       1%         N/A       73%         3
 Swiftness                Air            1%         N/A       73%         3
 Airstrike                Air            0%         N/A       98%         4
 Necromutation            Tmut/Necr      2%         N/A       100%        8

Inventory:

Hand Weapons
 a - a +1 spear (weapon)
Missiles
 b - 20 bolts
 e - 169 stones
Armour
 s - a +0 buckler (worn)
   (You found it on level 4 of the Dungeon)
Magical Staves
 h - a staff of earth {!a}
   (You found it on level 2 of the Dungeon)
Jewellery
 P - a ring of poison resistance (left tentacle)
   (You found it on level 1 of the Abyss)
 S - a +6 ring of strength (right tentacle)
   (You found it on level 2 of the Abyss)
Wands
 o - a wand of digging (7)
   (You found it on level 3 of the Dungeon)
 p - a wand of iceblast (10)
   (You found it on level 3 of the Dungeon)
Scrolls
 f - a scroll of enchant armour
 m - a scroll of amnesia
 r - a scroll of blinking {!r}
Potions
 c - 3 potions of lignification {!q}
 d - 2 potions of brilliance
 g - a potion of magic
 i - a potion of flight {unknown}
 j - 2 potions of might
 k - a potion of ambrosia {unknown}
 l - a potion of heal wounds {unknown}
 n - a potion of curing {unknown}

Dungeon Overview and Level Annotations

Branches:
Dungeon (4/15)             Temple (0/1) D:4

Altars:
Nemelex Xobeh

Shops:
D:4 [

Annotations:
D:3 Ijyb

############
#.#
#..........#
#.#
#..........#
#.#
#.#........#
#.#
#.##...#####
#.#
#.#.....####
#w#
#.'.....'...
#g#
#.#.....####
#@#
#.#.....# #
#.#
#.#.....# #
#.#
#.#.....####
#.#
#.#.....#...
#.#
#.#######...
#.# #.# #...
#.# #.#####
#... #.#
#.....# #...
#.#
#.....###...


You could see Ijyb and a dart slug.


Message History

Things that are here:
a +0 club; a kobold corpse; 😎 HP[+3]
Your hp is fully restored (49).
There is a stone staircase leading down here.
A ball python comes into view.
You reach to attack!
The helpless ball python fails to defend itself.
You hit the ball python. The ball python bites you. The ball python grabs you.
The ball python constricts you. 😕 HP[-2]
You take 2 damage, and now have 47/49 hp.
You hit the ball python.
You kill the ball python!
Lugonu accepts your kill.
No target in view! 😕 HP[+1] 😎 HP[+1]
Your hp is fully restored (49).
You see here a +0 buckler.
s - a +0 buckler You start putting on your armour.
You continue putting on your +0 buckler. x4
You finish putting on your +0 buckler.
As you open the door, it creaks loudly!
There is an open door here.
You see here a +0 ring mail.
You open the door.
There is an open door here.
A kobold comes into view. It is wielding a +0 short sword.
The kobold shouts!
The kobold throws a stone.
The stone closely misses you.
You reach to attack!
You barely miss the kobold. You barely miss the kobold.
Your grab misses the kobold. You squeeze the kobold.
You kill the kobold!
Lugonu accepts your kill.
No target in view!
e - 144 stones (gained 4)
You see here a +0 short sword.
e - 169 stones (gained 25)
t - a scroll labelled BIN RIPSULL
r - 2 scrolls labelled OCINAGEHEMU (gained 1)
You see here a ball python corpse.
A ball python comes into view.
You reach to attack!
The helpless ball python fails to defend itself.
You hit the ball python. You hit the ball python.
You kill the ball python!
Lugonu accepts your kill.
Your Dodging skill increases to level 4!
No target in view!
There is an escape hatch in the ceiling here.
You see here a +0 club.
Key pressed, stopping explore.
Done exploring.
Done exploring.
As you read the scroll labelled CULIMONTOD, it crumbles to dust.
You hear a loud clanging noise!
It was a scroll of noise.
Blink to where?
Press: ? - help, Dir - move target
As you read the scroll labelled OCINAGEHEMU, it crumbles to dust.
It was a scroll of blinking.
As you read the scroll labelled BIN RIPSULL, it crumbles to dust.
The scroll dissolves into smoke.
It was a scroll of fog.
Done exploring.
There is an open door here.
There is an entrance to Wioban's Armour Emporium here.
You open the door.
There is an open door here.
You see here a +0 club.
There is a staircase to the Ecumenical Temple here.
There is a stone staircase leading up here.
You climb upwards.
Level annotation: 1 exclusion, Ijyb
There is a stone staircase leading down here.
Partly explored, can't reach some places.
There is an open door here.
Ijyb is nearby!
A dart slug comes into view.
You reach to attack!
The helpless Ijyb fails to defend herself.
You hit Ijyb. You hit Ijyb but do no damage. You grab Ijyb.
You squeeze Ijyb, but do no damage. You constrict Ijyb.
Ijyb closely misses you.
You hit Ijyb but do no damage. You constrict Ijyb.
Ijyb zaps a wand.
Your mind is blasted! 😮 HP[-24]
You take 24 damage, and now have 25/49 hp.
MASSIVE DAMAGE!! (PAUSE)
You hit Ijyb but do no damage. You constrict Ijyb. Ijyb closely misses you.
You hit Ijyb. You constrict Ijyb. Ijyb closely misses you.
Ijyb zaps a wand.
Your mind is blasted!
Ouch! That really hurt!
You die...

Skill      XL: |  1  2  3  4  5  6  7 |
---------------+----------------------+-----
Stealth        | 1 2 3 |  3.8
Dodging        | 3 4 |  4.0
Spellcasting   | 1 2 |  2.0
Necromancy     | 1 2 |  2.4
Invocations    | 3 |  3.8
Fighting       | 4 |  4.4
Polearms       | |  2.4

Action                   |  1- 3 |  4- 6 |  7- 9 || total
-------------------------+-------+-------+-------++-------
Melee: Spear             |    69 |   101 |    33 ||   203
       Constrict         |    14 |    20 |     4 ||    38
       Tentacles         |     8 |    20 |     6 ||    34
 Cast: Pain              |       |     3 |       ||     3
       Vampiric Draining |       |     1 |       ||     1
Invok: Depart the Abyss  |     1 |       |       ||     1
  Use: Scroll            |     2 |     7 |     3 ||    12
 Stab: Sleeping          |    17 |    14 |     8 ||    39
       Distracted        |       |     2 |       ||     2
Armor: Skin              |     3 |     2 |       ||     5
Dodge: Dodged            |    19 |    32 |    10 ||    61

Levels and vault maps discovered:
D:1:      wander_arrival_fairy_ring, layout_loops_corners,
          shapermc_ecumenical_altar_venn
D:2:      layout_loops_cross, nrook_mini_vaults, minmay_misc_feat_encased,
          minivault_14
D:3:      layout_basic, chequers_serial_rivers_room_b,
          minmay_misc_feat_diagonals, roderic_serpentine_path,
          grunt_decor_one_mirror, uniq_ijyb, uniq_crazy_yiuf_cottage
D:4:      layout_loops_corners, nemelex_diamond_rough_becter,
          minmay_temple_entry_arrows, serial_shops, shop, uniq_eustachio

Notes
Turn   | Place    | Note
-------+----------+-------------------------------------------
     0 | Abyss:1  | spiderkeys the Octopode Abyssal Knight began the quest for
                  | the Orb.
     0 | Abyss:1  | Reached XP level 1. HP: 16/16 MP: 2/2
     0 | Abyss:1  | magus.rc [v1.9.10]
    17 | Abyss:1  | You pick up a book of Necromancy and begin reading...
    17 | Abyss:1  | You add the spells Pain, Animate Skeleton and Vampiric
                  | Draining to your library.
    62 | Abyss:1  | Found a corrupted altar of Lugonu.
    87 | Abyss:1  | Found a corrupted altar of Lugonu.
   111 | Abyss:2  | Noticed a dire elephant skeleton
   113 | Abyss:2  | Got The Testament of the Deep Elf Lorekeeper
   155 | Abyss:2  | Noticed a revenant
   159 | Abyss:2  | Noticed a wretched star
   162 | D:1      | You pass through the gate.
   162 | D:1      | Escaped the Abyss
   224 | D:1      | You fall into a shaft and drop 1 floor!
   290 | D:2      | Reached * piety under Lugonu
   291 | D:2      | Reached XP level 2. HP: 21/21 MP: 3/3
   439 | D:2      | Reached XP level 3. HP: 24/26 MP: 4/4
   512 | D:2      | Learned a level 1 spell: Animate Skeleton
   546 | D:2      | You pick up a book of Flames and begin reading...
   546 | D:2      | You add the spells Foxfire, Conjure Flame and Inner Flame
                  | to your library.
   551 | D:2      | You pick up a book of Cantrips and begin reading...
   551 | D:2      | You add the spells Corona, Summon Small Mammal and
                  | Apportation to your library.
   908 | D:1      | Reached skill level 1 in Stealth
  1065 | D:1      | Found a faded altar of an unknown god.
  1090 | D:1      | Reached XP level 4. HP: 27/31 MP: 5/5
  1355 | D:1      | Reached ** piety under Lugonu
  1629 | D:1      | Reached skill level 3 in Dodging
  1796 | D:2      | You pick up a book of Air and begin reading...
  1796 | D:2      | You add the spells Shock, Swiftness and Airstrike to your
                  | library.
  2436 | D:3      | Noticed a necrophage
  2448 | D:3      | Killed a necrophage
  2449 | D:3      | Reached skill level 2 in Stealth
  2449 | D:3      | Reached skill level 1 in Spellcasting
  2449 | D:3      | Reached skill level 1 in Necromancy
  2449 | D:3      | Reached skill level 3 in Invocations
  2449 | D:3      | Reached XP level 5. HP: 14/37 MP: 7/7
  2937 | D:3      | Noticed Ijyb
  2992 | D:3      | Reached XP level 6. HP: 43/43 MP: 8/8
  3103 | D:3      | Learned a level 1 spell: Pain
  3107 | D:3      | Learned a level 3 spell: Vampiric Draining
  3221 | D:4      | Found a staircase to the Ecumenical Temple.
  3260 | D:4      | Reached skill level 4 in Fighting
  3357 | D:4      | Found Wioban's Armour Emporium.
  3439 | D:4      | Reached skill level 3 in Stealth
  3556 | D:4      | Noticed Eustachio
  3572 | D:4      | Killed Eustachio
  3573 | D:4      | Reached skill level 2 in Necromancy
  3573 | D:4      | Reached XP level 7. HP: 29/49 MP: 3/9
  3934 | D:4      | Reached skill level 2 in Spellcasting
  3985 | D:4      | Found a sparkling altar of Nemelex Xobeh.
  4204 | D:4      | Reached *** piety under Lugonu
  4380 | D:4      | Reached skill level 4 in Dodging
  4580 | D:3      | Blown up by Ijyb

Vanquished Creatures
  Eustachio (D:4)
  A necrophage (D:3)
  A scorpion (D:4)
  A hound (D:4)
  A bullfrog zombie (D:4)
  2 jellies
  A gnoll (D:1)
  3 adders
  2 worms (D:2)
  5 dart slugs
  9 orcs
  8 ball pythons
  7 bats
  7 endoplasms
  3 giant cockroaches
  6 goblins
  7 hobgoblins
  3 jackals (D:1)
  9 kobolds
  A quokka (D:4)
  A frilled lizard (D:1)
  5 rats
84 creatures vanquished.

Vanquished Creatures (others)
  4 fungi (D:3)
4 creatures vanquished.

Grand Total: 88 creatures vanquished

Table legend:
 A = Non-vault XP
 B = Vault XP
 C = Vault XP percentage of total XP
 D = Non-vault monster count
 E = Vault monster count
 F = Vault count percentage of total count
                 A         B        C        D         E       F
            +---------+---------+-------+---------+---------+-------
      Total |     587 |     202 |  25.6 |      83 |       1 |   1.2
            +---------+---------+-------+---------+---------+-------
        D:1 |      67 |       0 |   0.0 |      28 |       0 |   0.0
        D:2 |      51 |       0 |   0.0 |      17 |       0 |   0.0
        D:3 |     205 |       0 |   0.0 |      19 |       0 |   0.0
        D:4 |     264 |     202 |  43.3 |      19 |       1 |   5.0
            +---------+---------+-------+---------+---------+-------

Illustrated notes

Table legend:
 A = Kills in this place as a percentage of kills in entire the game.
 B = Kills by you in this place as a percentage of kills by you in the entire game.
 C = Kills by friends in this place as a percentage of kills by friends in the entire game.
 D = Other kills in this place as a percentage of other kills in the entire game.
 E = Experience gained in this place as a percentage of experience gained in the entire game.
 F = Experience gained in this place divided by the number of levels of this place that you have seen.
                   A       B       C       D       E      F
               +-------+-------+-------+-------+-------+----------------------
         Total | 100.0 | 100.0 |   N/A |   N/A | 100.0 | 131.5
       Dungeon | 100.0 | 100.0 |   N/A |   N/A | 100.0 | 197.2
               +-------+-------+-------+-------+-------+----------------------

Table legend: (Time is in decaauts)
 A = Elapsed time spent in this place.
 B = Non-inter-level travel time spent in this place.
 C = Inter-level travel time spent in this place.
 D = Time resting spent in this place.
 E = Time spent auto-exploring this place.
 F = Levels seen in this place.
 G = Mean time per level.
                   A        B        C        D        E       F      G
               +--------+--------+--------+--------+--------+-----+--------+
         Total |   4576 |   4376 |    200 |    158 |   3490 |   6 |  762.7 |
       Dungeon |   4414 |   4214 |    200 |    158 |   3460 |   4 | 1103.5 |
         Abyss |    161 |    161 |      0 |      0 |     30 |   2 |   80.5 |
               +--------+--------+--------+--------+--------+-----+--------+

Top non-repeatable levels by time:
     D:4: 1356 daAuts
     D:1: 1192 daAuts
     D:3: 1190 daAuts
     D:2: 674 daAuts
 Abyss:1: 107 daAuts
 Abyss:2: 54 daAuts
